 Dungeon Crawl Stone Soup version 0.21.1-1-g345015f (webtiles) character file.

1397 Mgcat the Fighter (level 8, -1/55 HPs)
             Began as a Gargoyle Monk on Feb 11, 2018.
             Was a Priest of Okawaru.
             Killed by divine providence
             ... invoked by an orc priest
              (16 damage)
             ... on level 5 of the Dungeon.
             The game lasted 00:12:21 (4170 turns).

Mgcat the Fighter (Gargoyle Monk)                   Turns: 4170, Time: 00:12:22

Health: -1/55      AC: 14    Str: 15    XL:     8   Next: 69%
Magic:  6/8        EV: 13    Int: 11    God:    Okawaru [***...]
Gold:   118        SH:  0    Dex: 14    Spells: 7/7 levels left

rFire    . . .     SeeInvis .   f - +3 flail (holy)
rCold    + . .     Gourm    .   (no shield)
rNeg     + . .     Faith    .   q - +0 scale mail
rPois    ∞         Spirit   .   x - +0 helmet (curse)
rElec    +         Reflect  .   (no cloak)
rCorr    .         Harm     .   (no gloves)
MR       .....                  (no boots)
Stlth    ++........             (no amulet)
HPRegen  0.18/turn              (no ring)
MPRegen  0.11/turn              w - ring of protection from cold {rC+, !d}

@: heroism
A: negative energy resistance 1, electricity resistance, unbreathing,
petrification resistance, rot immunity, AC +5
a: Heroism, Renounce Religion


You were on level 5 of the Dungeon.
You worshipped Okawaru.
Okawaru was most pleased with you.
You were not hungry.

You visited 1 branch of the dungeon, and saw 5 of its levels.
You also visited: Sewer.

You collected 118 gold pieces.

Inventory:

Hand Weapons
 a - a +0 mace
 f - a +3 flail of holy wrath (weapon)
   (You took it off Edmund on level 4 of the Dungeon)
 r - a +1 halberd of freezing
   (You found it in a sewer)
Missiles
 i - 6 tomahawks (quivered)
 o - 3 curare-tipped needles
Armour
 b - a +0 cloak
   (You took it off Crazy Yiuf on level 4 of the Dungeon)
 q - a +0 scale mail (worn)
   (You found it on level 3 of the Dungeon)
 x - a cursed +0 helmet (worn)
   (You found it on level 4 of the Dungeon)
 z - the +3 robe of Clouds {+Fly rElec}
   (You found it on level 4 of the Dungeon)

   It insulates you from electricity.
   It lets you fly.
Jewellery
 w - a ring of protection from cold (right hand) {rC+, !d}
   (You found it on level 3 of the Dungeon)
Wands
 t - a wand of flame (46)
   (You found it on level 3 of the Dungeon)
Scrolls
 d - 2 scrolls of amnesia
 j - 2 scrolls of identify
 l - a scroll of remove curse
 s - a scroll of teleportation
 v - a scroll of magic mapping {unknown}
 y - a scroll of enchant weapon {unknown}
 A - a scroll of fear {unknown}
Potions
 e - 2 potions of heal wounds {unknown}
 g - a potion of lignification {unknown}
 h - 3 potions of brilliance
 k - 4 potions of might {unknown}
 m - 4 potions of flight {unknown}
 n - 2 potions of mutation {unknown}
 p - a potion of magic {unknown}
 u - a potion of degeneration {unknown}
 B - a potion of curing {unknown}
Comestibles
 c - 5 rations
 C - 6 chunks of flesh {@w0}


   Skills:
 + Level 8.7(13.7) Fighting
 + Level 8.0(13.0) Maces & Flails
 - Level 2.4(7.4) Dodging
 - Level 2.1(7.1) Stealth


You had 7 spell levels left.
You didn't know any spells.

Dungeon Overview and Level Annotations

Branches:
Dungeon (5/15)             Temple (0/1) D:4

Altars:
Dithmenos
Elyvilon
Okawaru
Sif Muna


Innate Abilities, Weirdness & Mutations

You are resistant to torment.
Your stone body is resilient. (AC +5)
You are immune to poison.
You resist negative energy. (rN+)
You are resistant to electric shocks. (rElec)
You can survive without breathing.
You are immune to petrification.
You are immune to rotting.


Message History

Things that are here:
a hand axe; a chain mail; an orc skeleton
j - 2 scrolls of identify (gained 1)
Found a stone staircase leading up. 3 orcs come into view.
The orc shouts! x2
An orc priest comes into view.
You start waiting.
You closely miss the orc. The orc barely misses you.
You thump the orc!
You kill the orc!
Okawaru accepts your kill.
You sock the orc!
You kill the orc!
Okawaru accepts your kill. The orc misses you.
Items here: )) [ † a club; a leather armour; a dagger; an orc corpse You hit the orc.
The orc is heavily wounded.
The orc barely misses you.
The orc priest calls down the wrath of Beogh upon you.
Beogh smites you!
You closely miss the orc.
The orc is heavily wounded.
The orc closely misses you.
You sock the orc!
You kill the orc!
The orc priest looks satisfied for a moment.
An orc comes into view. It is wielding a dagger.
The orc moves out of view.
An orc priest comes into view. It is wielding a hand axe.
The orc priest shouts!
You hear a shout!
The orc priest hits you but does no damage.
An orc comes into view. It is wielding a hand axe.
You hit the orc priest.
The orc priest is lightly wounded.
The orc priest closely misses you.
You hit the orc priest.
The orc priest is moderately wounded.
The orc priest hits you.
You hit the orc priest.
The orc priest is heavily wounded.
The orc priest hits you but does no damage.
You closely miss the orc priest.
The orc priest is heavily wounded.
The orc priest looks satisfied for a moment.
The orc priest calls upon Beogh to heal the orc priest.
The orc priest is healed somewhat.
You closely miss the orc priest.
The orc priest is lightly wounded.
You closely miss the orc priest.
The orc priest is lightly wounded.
The orc priest barely misses you.
The orc priest hits you but does no damage.
You barely miss the orc priest.
The orc priest is lightly wounded.
The orc priest calls down the wrath of Beogh upon you.
Beogh smites you!
The orc priest hits you but does no damage.
The orc hits you but does no damage.
You are too injured to fight recklessly!
You are too injured to fight recklessly!
You are too injured to fight recklessly!
You are too injured to fight recklessly!
You are too injured to fight recklessly!
You gain the combat prowess of a mighty hero.
The orc priest hits you.
The orc priest calls upon Beogh to heal the orc priest.
The orc priest's wounds heal themselves!
A frilled lizard comes into view.
You closely miss the orc priest.
The frilled lizard moves out of view.
The orc hits you but does no damage.
The orc priest hits you but does no damage.
You closely miss the orc priest.
The orc priest mumbles some strange prayers to Beogh against you.
Beogh smites you!
* * * LOW HITPOINT WARNING * * *
The orc closely misses you.
The orc priest casts a cantrip, but nothing happens.
You hit the orc priest.
The orc priest is lightly wounded.
The orc priest calls upon Beogh to heal the orc priest.
The orc priest's wounds heal themselves!
The orc hits you but does no damage.
You bludgeon the orc priest!!
You kill the orc priest!
Okawaru accepts your kill.
Your base Maces & Flails skill increases to level 8!
The orc priest mumbles some strange prayers to Beogh against you.
You are unaffected.
You barely miss the orc priest. You closely miss the orc priest.
The orc priest closely misses you. The orc hits you but does no damage.
You hit the orc priest.
The orc priest is lightly wounded.
The orc barely misses you.
The orc priest mumbles some strange prayers to Beogh against you.
Beogh smites you!
You die...

#.##.# #.#..##.....# ..
####.#...#.....# ...
...#.....#.....# ....
.).............#####....
.......#.#..............
........................
................oo......
.............)..@o......
#.....##.##.#)######.##.
####..##.##.#.#
#..##......#
..........###
###.......# #######.#
#<# #.#


You could see an orc priest and 2 orcs.

Vanquished Creatures
  Menkaure (D:4)
  Edmund (D:4)
  2 ogres (D:4)
  2 phantoms (D:4)
  2 bullfrogs (Sewer)
  A scorpion (D:4)
  A crimson imp (D:4)
  A hound (D:4)
  6 orc wizards
  Crazy Yiuf (D:4)
  2 orc priests
  An iguana (D:4)
  A worker ant (D:4)
  6 adders
  10 oozes
  6 worms (D:3)
  A dart slug (D:1)
  11 leopard geckos (Sewer)
  10 orcs
  11 bats
  25 giant cockroaches
  6 goblins
  11 hobgoblins
  5 jackals
  8 kobolds
  A quokka (D:3)
  13 ball pythons
  10 frilled lizards
  5 rats
161 creatures vanquished.

Notes
Turn   | Place    | Note
-------+----------+-------------------------------------------
     0 | D:1      | Mgcat the Gargoyle Monk began the quest for the Orb.
     0 | D:1      | Reached XP level 1. HP: 14/14 MP: 1/1
    46 | D:1      | Reached XP level 2. HP: 15/19 MP: 2/2
   391 | D:1      | Reached XP level 3. HP: 24/24 MP: 3/3
   393 | D:1      | Reached skill level 4 in Fighting
   828 | D:2      | Found an iron altar of Okawaru.
   902 | D:2      | Became a worshipper of Warmaster Okawaru
   902 | D:2      | Reached * piety under Okawaru
   902 | D:2      | Reached ** piety under Okawaru
  1300 | D:3      | Found a white marble altar of Elyvilon.
  1366 | D:3      | HP: 6/24 [worm (9)]
  1371 | D:3      | Reached skill level 4 in Maces & Flails
  1371 | D:3      | Reached XP level 4. HP: 9/30 MP: 4/4
  1496 | D:3      | Found a glowing drain.
  1559 | Sewer    | Entered a sewer
  1879 | Sewer    | Reached XP level 5. HP: 21/34 MP: 5/5
  2035 | Sewer    | Reached skill level 5 in Fighting
  2325 | Sewer    | Reached skill level 5 in Maces & Flails
  2325 | Sewer    | Reached XP level 6. HP: 32/41 MP: 3/6
  2345 | Sewer    | Reached skill level 6 in Fighting
  2509 | D:3      | Reached XP level 7. HP: 18/47 MP: 7/7
  2915 | D:3      | Found a deep blue altar of Sif Muna.
  2927 | D:3      | Reached skill level 6 in Maces & Flails
  3140 | D:4      | Noticed Edmund
  3153 | D:4      | Killed Edmund
  3160 | D:4      | Reached skill level 7 in Fighting
  3294 | D:4      | Found a staircase to the Ecumenical Temple.
  3415 | D:4      | Reached *** piety under Okawaru
  3504 | D:4      | Noticed Menkaure
  3519 | D:4      | Killed Menkaure
  3519 | D:4      | Reached skill level 7 in Maces & Flails
  3519 | D:4      | Reached XP level 8. HP: 32/54 MP: 8/8
  3588 | D:4      | Found a runed door.
  3717 | D:4      | Found a shadowy altar of Dithmenos.
  3803 | D:4      | Reached skill level 8 in Fighting
  3825 | D:4      | Found the +3 robe of Clouds {+Fly rElec}
  4048 | D:4      | Noticed Crazy Yiuf
  4054 | D:4      | Killed Crazy Yiuf
  4106 | D:5      | Entered Level 5 of the Dungeon
  4167 | D:5      | Reached skill level 8 in Maces & Flails
  4170 | D:5      | Killed from afar by an orc priest

Skill      XL: |  1  2  3  4  5  6  7  8 |
---------------+-------------------------+-----
Fighting       | 4 5 6 7 8 |  8.7
Maces & Flails | 4 5 7 8 |  8.0
Dodging        | |  2.4
Stealth        | |  2.1

Action                   |  1- 3 |  4- 6 |  7- 9 || total
-------------------------+-------+-------+-------++-------
Melee: Mace              |   161 |   284 |       ||   445
       Punch             |       |     1 |       ||     1
       Halberd           |       |    27 |    80 ||   107
       Flail             |       |       |   107 ||   107
Throw: Tomahawk          |       |     5 |     3 ||     8
Invok: Heroism           |       |     6 |     2 ||     8
  Use: Scroll            |     4 |       |     1 ||     5
 Stab: Sleeping          |     1 |       |       ||     1
  Eat: Chunk             |     2 |     4 |     6 ||    12
Armor: Robe              |    67 |       |       ||    67
       Scale mail        |       |   232 |    89 ||   321
Dodge: Dodged            |   142 |   243 |    92 ||   477

Vault maps used:
D:1:      scummos_arrival_star
D:2:      okawaru_trees_1, first_ration
D:3:      elyvilon_altar_5, led_sif_book, cheibrodos_sewer_entry_sluice,
          dk_noncrumbling_4, minmay_box_of_dots
D:4:      lemuel_crystal_altar, temple_green, minmay_misc_feat_chi,
          roderic_three_in_a_row, uniq_crazy_yiuf_cottage, uniq_edmund,
          uniq_menkaure
D:5:      grunt_temple_overflow_champion_of_chaos, kennysheep_little_box,
          uniq_ijyb
Sewer:    sewer_frog_island_02

Table legend:
 A = Turns spent in this place as a percentage of turns spent in the entire game.
 B = Non-inter-level travel turns spent in this place as a percentage of non-inter-level travel turns spent in the entire game.
 C = Inter-level travel turns spent in this place as a percentage of turns spent in this place.
 D = Turns resting spent in this place as a percentage of non-inter-level travel turns spent in this place.
 E = Turns spent auto-exploring this place as a percentage of non-inter-level travel turns spent in this place.
 F = Non-inter-level travel turns spent in this place divided by the number of levels of this place that you've seen.
                   A       B       C       D       E      F
               +-------+-------+-------+-------+-------+----------------------
         Total | 100.0 | 100.0 |   3.7 |   1.3 |  67.9 | 669.3
       Dungeon |  79.5 |  78.8 |   4.6 |   0.4 |  73.7 | 632.6
         Sewer |  20.5 |  21.2 |   0.0 |   4.5 |  46.2 | 853.0
               +-------+-------+-------+-------+-------+----------------------

Table legend:
 A = Kills in this place as a percentage of kills in entire the game.
 B = Kills by you in this place as a percentage of kills by you in the entire game.
 C = Kills by friends in this place as a percentage of kills by friends in the entire game.
 D = Other kills in this place as a percentage of other kills in the entire game.
 E = Experience gained in this place as a percentage of experience gained in the entire game.
 F = Experience gained in this place divided by the number of levels of this place that you have seen.
                   A       B       C       D       E      F
               +-------+-------+-------+-------+-------+----------------------
         Total | 100.0 | 100.0 |   N/A |   N/A | 100.0 | 332.8
       Dungeon |  60.9 |  60.9 |   N/A |   N/A |  80.7 | 322.4
         Sewer |  39.1 |  39.1 |   N/A |   N/A |  19.3 | 385.0
               +-------+-------+-------+-------+-------+----------------------
